 Dungeon Crawl Stone Soup version 0.30-a0-1008-g30c9307041 (webtiles) character file.

Game seed: 14485100791524928312

40121 retardedninja the Severer (level 14, -9/121 HPs)
             Began as a Naga Fighter on Apr 5, 2023.
             Was a High Priest of Hepliaklqana.
             Killed from afar by a frost giant (27 damage)
             ... with a bolt of cold
             ... on level 15 of the Dungeon.
             The game lasted 00:28:21 (22114 turns).

retardedninja the Severer (Naga Fighter)           Turns: 22114, Time: 00:28:22

Health: -9/121     AC: 28    Str: 26    XL:     14   Next: 9%
Magic:  0/14       EV:  4    Int: 13    God:    Hepliaklqana [*****.]
Gold:   1098       SH: 11    Dex: 10    Spells: 13/13 levels left

rFire   . . .      SeeInvis +    a - +3 war axe (flame)
rCold   . . .      Faith    .    H - +0 kite shield
rNeg    . . .      Spirit   +    E - +0 plate armour
rPois   +          Reflect  .    v - +0 helmet
rElec   +          Rampage  .    i - +2 cloak
rCorr   .                        L - +0 pair of gloves
Will    +....                    (no barding) Stlth
                                 w - amulet of guardian spirit
HPRegen 0.40/turn                d - +4 ring of protection
MPRegen 0.14/turn                J - ring of the Final Violins {rElec rPois AC+4 Str+3 Int+3}

@: very slow
A: reduced essence, AC +4, large, see invisible, deformed body, poison
resistance, slowness 2, spit poison 1, naga tail 2
a: Spit Poison, Renounce Religion, Recall Ancestor, Ancestor Identity,
Transference, Idealise


You were on level 15 of the Dungeon.
You worshipped Hepliaklqana.
Hepliaklqana was extremely pleased with you.
You visited 2 branches of the dungeon, and saw 16 of its levels.
You also visited: Sewer and Ossuary.

You collected 1098 gold pieces.

Inventory:

Hand Weapons
 a - a +3 war axe of flaming (weapon)
Missiles
 r - 4 throwing nets
Armour
 i - a +2 cloak (worn)
 v - a +0 helmet (worn)
 E - a +0 plate armour (worn)
 H - a +0 kite shield (worn)
 L - a +0 pair of gloves (worn)
Jewellery
 d - a +4 ring of protection (left hand)
 w - an amulet of guardian spirit (around neck)
 J - the ring of the Final Violins (right hand) {rElec rPois AC+4 Str+3 Int+3}
   (You took it off an orc on level 8 of the Dungeon)

   [ring of protection]

   AC:        It affects your AC (+4).
   Str:       It affects your strength (+3).
   Int:       It affects your intelligence (+3).
   rElec:     It insulates you from electricity.
   rPois:     It protects you from poison.
Wands
 t - a wand of flame (23)
 u - a wand of charming (9)
 z - a wand of mindburst (28)
Scrolls
 b - 3 scrolls of blinking
 c - a scroll of immolation {unknown}
 e - 4 scrolls of teleportation
 h - 2 scrolls of fog {unknown}
 m - 3 scrolls of magic mapping
 x - 2 scrolls of amnesia {unknown}
 y - 6 scrolls of identify
 A - a scroll of silence {unknown}
 D - 2 scrolls of vulnerability
 F - 3 scrolls of fear
 K - a scroll of poison
Potions
 f - 5 potions of brilliance
 g - 9 potions of curing
 j - 3 potions of ambrosia {unknown}
 k - 4 potions of flight
 l - a potion of lignification
 o - 2 potions of cancellation {unknown}
 p - 2 potions of might
 q - a potion of berserk rage
 B - 5 potions of mutation
 C - a potion of attraction
 G - 2 potions of haste {unknown}
 M - a potion of invisibility {unknown}
Miscellaneous
 n - a box of beasts
 I - a phantom mirror (inert)


   Skills:
 + Level 11.4 Fighting
 * Level 15.3 Axes
 + Level 9.6 Armour
 + Level 10.4 Shields


You had 13 spell levels left.
You didn't know any spells.
Your spell library contained the following spells:

 Spells                   Type           Power      Damage    Failure   Level
 Shock                    Conj/Air       0%         1d3       99%         1
 Slow                     Hex            0%         N/A       99%         1
 Lesser Beckoning         Tloc           0%         N/A       100%        2
 Sublimation of Blood     Necr           0%         N/A       100%        2
 Confusing Touch          Hex            0%         N/A       100%        3
 Dazzling Flash           Conj/Hex       0%         N/A       100%        3
 Gell's Gravitas          Tloc           0%         N/A       100%        3
 Inner Flame              Hex/Fire       0%         N/A       100%        3
 Swiftness                Air            0%         N/A       100%        3
 Teleport Other           Tloc           0%         N/A       100%        3
 Vampiric Draining        Necr           0%         2d6       100%        3
 Vhi's Electric Charge    Tloc/Air       0%         N/A       100%        3
 Volatile Blastmotes      Fire/Tloc      0%         2d10      100%        3
 Airstrike                Air            0%         2d(0-16)  100%        4
 Flame Wave               Conj/Fire      0%         2d4       100%        4
 Iskenderun's Mystic Bla  Conj/Tloc      0%         2d3       100%        4
 Olgreb's Toxic Radiance  Pois           0%         N/A       100%        4
 Petrify                  Tmut/Erth      0%         N/A       100%        4
 Sticky Flame             Conj/Fire      0%         2d3       100%        4
 Arcjolt                  Conj/Air       0%         1d10      100%        5
 Irradiate                Conj/Tmut      0%         3d11      100%        5
 Iskenderun's Battlesphe  Conj           0%         2d6       100%        5
 Eringya's Noxious Bog    Tmut/Pois      0%         N/A       100%        6
 Iron Shot                Conj/Erth      0%         9d1       100%        6
 Plasma Beam              Fire/Air       0%         2x1d11    100%        6
 Starburst                Conj/Fire      0%         6d3       100%        6
 Spellforged Servitor     Conj/Summ      0%         N/A       100%        7
 Discord                  Hex            0%         N/A       100%        8
 Ignition                 Fire           0%         3d3       100%        8


Dungeon Overview and Level Annotations

Branches:
Dungeon (15/15)            Temple (1/1) D:5            Lair (0/5) D:9
    Orc (0/2) D:11         Vaults (0/5) D:14         Depths (0/4) D:15
  Sewer (visited)         Ossuary (visited)

Altars:
Ashenzari
Cheibriados
Dithmenos
Elyvilon
Fedhas
Gozag
Hepliaklqana
Kikubaaqudgha
Makhleb
Nemelex Xobeh
Okawaru
Qazlal
Ru
Sif Muna
Trog
Uskayaw
Vehumet
Wu Jian
Xom
Yredelemnul
Zin
The Shining One

Shops:
D:2 *(*==   D:4 !   D:8 (

Annotations:
D:10 2 runed translucent doors, Newt's ghost, journeyman DsGl


Innate Abilities, Weirdness & Mutations

Your life essence is reduced to manifest your ancestor. (-10% HP)
Your serpentine skin is tough. (AC +4)
You have supernaturally acute eyesight. (SInv)
Armour fits poorly on your strangely shaped body.
Your system is resistant to poisons. (rPois)
You cover ground very slowly.
You can spit poison.
You can use your snake-like lower body to constrict enemies.


Message History

The frost giant is almost dead.
Aiming: Throw Flame
Press: ? - help, Q - select action, (/) - cycle Shift-Dir - straight line, f/p - frost giant
Aim: a frost giant, wielding a +2 battleaxe of freezing (almost dead, 97% to hit)
The puff of flame hits the frost giant.
The frost giant is almost dead.
The frost giant gestures at you while chanting.
The bolt of cold hits you!!
* * * LOW HITPOINT WARNING * * *
Aiming: Throw Flame
Press: ? - help, Q - select action, (/) - cycle Shift-Dir - straight line, f/p - frost giant
Aim: a frost giant, wielding a +2 battleaxe of freezing (almost dead, 97% to hit)
The puff of flame hits the frost giant.
The frost giant is almost dead.
You hit the frost giant but do no damage.
The frost giant is almost dead.
The frost giant hits you but does no damage.
You barely miss the frost giant.
The frost giant is almost dead.
The frost giant hits you with a +2 battleaxe of freezing!
* * * LOW HITPOINT WARNING * * *
The frost giant freezes you.
* * * LOW HITPOINT WARNING * * *
Aiming: Throw Flame
Press: ? - help, Q - select action, (/) - cycle Shift-Dir - straight line, f/p - frost giant
Aim: a frost giant, wielding a +2 battleaxe of freezing (almost dead, 97% to hit)
The puff of flame hits the frost giant but does no damage.
The frost giant is almost dead.
The frost giant hits you but does no damage.
You hit the frost giant. You burn the frost giant.
The frost giant is almost dead.
The frost giant hits you with a +2 battleaxe of freezing!
* * * LOW HITPOINT WARNING * * *
The frost giant freezes you.
* * * LOW HITPOINT WARNING * * *
You hit the frost giant but do no damage.
The frost giant is almost dead.
The frost giant gestures at you while chanting.
The bolt of cold hits you!!
You die...

#.#.........#....#..# #.#
##.#.........#....#..# #.#
...#.........#....#..# #.#
...#'######'##....#..# #.#
..................#..# #.###
................).#..# #...#
........).........#..# #...#
#########.........#..#######...##
........#.......@.#).............
........#......)C.#..........####
........#......)..#..........#
........#########)#..........#
.............................#
.............................#
....................C........#
####..........######'###.....#
...#.........[#........#.....#


You could see a frost giant.

Vanquished Creatures
  Josephine (D:13)
  6 centaur warriors
  3 tengu warriors
  3 two-headed ogres
  Lodul (D:12)
  A skeletal warrior (D:14)
  Pikel (D:6)
  4 deep elf pyromancers
  8 ugly things
  A wolf spider (D:15)
  2 cyclopes
  A manticore (D:14)
  3 centaur skeletons (D:14)
  An unseen horror (D:11)
  2 kobold demonologists
  A komodo dragon (D:12)
  A tengu conjurer (D:14)
  2 yaktaurs (D:14)
  2 trolls
  Sigmund (D:2)
  A slime creature (D:14)
  3 wyverns
  5 wraiths
  7 yaks
  2 vampires
  A steam dragon (D:7)
  2 vampire mosquitoes
  Menkaure (D:6)
  2 acid dragons (D:10)
  An ice beast (D:4)
  4 orc warriors
  A black bear (D:7)
  10 ogres
  A boggart (D:14)
  6 centaurs
  A lemure (D:6)
  8 kobold brigands
  A phantom (D:5)
  3 bullfrogs
  A gnoll sergeant (D:13)
  3 scorpions
  9 water moccasin zombies (Ossuary)
  7 wights
  2 howler monkeys (D:8)
  A lava snake (D:9)
  An orc priest (D:6)
  Terence (D:2)
  An iguana (D:6)
  Natasha (thrice) (D:2)
  7 orc wizards
  A boggart skeleton (D:14)
  A hound zombie (D:3)
  2 mummies (Ossuary)
  21 gnolls
  2 river rats
  13 adders
  A shadow imp (D:6)
  A white imp (D:5)
  3 ufetubi
  3 adder zombies
  6 worms
  3 dart slugs (D:3)
  34 orcs
  9 ball pythons
  11 endoplasms
  2 giant cockroaches
  4 gnoll zombies (Ossuary)
  9 goblins
  7 hobgoblins
  15 jackals
  7 quokkas
  A ball python zombie (D:3)
  A bat (D:3)
  3 frilled lizards
  2 hobgoblin zombies (Ossuary)
  13 kobolds
  6 kobold zombies (Ossuary)
  8 orc zombies (Ossuary)
  8 rats
338 creatures vanquished.

Vanquished Creatures (collateral kills)
  Gastronok (D:12)
  A slime creature (D:14)
  A fire dragon (shapeshifter) (D:14)
  An ogre mage (D:14)
  A catoblepas (D:13)
  A centaur warrior (D:14)
  2 tengu warriors
  Nergalle (D:12)
  A wizard (D:14)
  An orc knight (D:15)
  An orc sorcerer (D:15)
  2 cyclopes (D:12)
  5 ugly things (D:14)
  A gargoyle (D:14)
  A kobold demonologist (D:11)
  A hornet (D:9)
  A centaur simulacrum (D:14)
  A basilisk (D:11)
  A wraith (D:13)
  3 yaks
  A vampire (D:11)
  3 vampire mosquitoes
  A steam dragon (D:10)
  An acid dragon (D:9)
  2 orc warriors
  An ogre (D:14)
  3 centaurs (D:14)
  2 kobold brigands
  A gnoll sergeant (D:9)
  A bullfrog (D:9)
  A wight (D:9)
  2 electric eels (D:11)
  8 howler monkeys
  A gnoll bouda (D:8)
  5 orc priests
  A hound (D:7)
  2 orc wizards
  4 gnolls
  A shadow imp (D:7)
  A white imp (D:8)
  10 orcs
  2 kobolds
82 creatures vanquished.

Vanquished Creatures (others)
  A yak (D:8)
  An ogre (D:14)
  5 ancestors
  9 battlemagi
16 creatures vanquished.

Grand Total: 436 creatures vanquished

Notes
Turn   | Place    | Note
-------+----------+-------------------------------------------
     0 | D:1      | retardedninja the Naga Fighter began the quest for the Orb.
     0 | D:1      | Reached XP level 1. HP: 21/21 MP: 1/1
   219 | D:1      | Reached XP level 2. HP: 22/28 MP: 2/2
   888 | D:2      | Found Pigemih's Assorted Antiques.
   895 | D:2      | Noticed Terence
   899 | D:2      | Reached XP level 3. HP: 8/34 MP: 3/3
   902 | D:2      | Killed Terence
   903 | D:2      | Reached skill level 3 in Axes
   903 | D:2      | Reached XP level 4. HP: 8/42 MP: 4/4
  1085 | D:2      | Found Zeith's Antique Weapon Shop.
  1108 | D:2      | Found a faded altar of an unknown god.
  1159 | D:2      | Found Yjiako's Jewellery Shoppe.
  1166 | D:2      | Noticed Natasha
  1171 | D:2      | Killed Natasha
  1202 | D:2      | Found Sumank's Jewellery Shop.
  1342 | D:2      | Noticed Sigmund
  1365 | D:2      | Noticed Natasha
  1374 | D:2      | Killed Natasha
  1375 | D:2      | Reached XP level 5. HP: 16/49 MP: 5/5
  1473 | D:2      | Noticed Natasha
  1490 | D:2      | Killed Natasha
  1803 | D:2      | Found Vegapuk's Assorted Antiques.
  1965 | D:2      | Killed Sigmund
  1966 | D:2      | Reached skill level 4 in Axes
  1966 | D:2      | Reached XP level 6. HP: 45/57 MP: 6/6
  2506 | D:3      | Reached XP level 7. HP: 64/64 MP: 7/7
  2516 | D:3      | Found a hide-covered altar of Uskayaw.
  2946 | D:3      | Found a basalt altar of Yredelemnul.
  3078 | D:3      | Found a glowing silver altar of Zin.
  3116 | D:3      | Found a burning altar of Makhleb.
  3186 | D:4      | Found a shimmering blue altar of Sif Muna.
  3256 | D:4      | Reached skill level 5 in Axes
  3297 | D:4      | Found Nireg's Distillery.
  3411 | D:4      | Reached XP level 8. HP: 25/68 MP: 8/8
  3417 | D:4      | Reached skill level 5 in Fighting
  3872 | D:4      | Found a bloodstained altar of Trog.
  3948 | D:4      | Reached skill level 6 in Axes
  4831 | D:5      | Entered Level 5 of the Dungeon
  4837 | D:5      | Identified the +10 hand axe of Callousness {freeze, rElec
                  | Dex+4}
  4854 | D:5      | Found a staircase to the Ecumenical Temple.
  5270 | D:5      | Found a sand-covered staircase.
  5279 | Ossuary  | Entered an ossuary
  5475 | Ossuary  | Reached skill level 5 in Shields
  5561 | Ossuary  | Reached skill level 7 in Axes
  6023 | Temple   | Entered the Ecumenical Temple
  6160 | Temple   | Became a worshipper of Hepliaklqana the Forgotten
  6345 | D:6      | Found a glowing drain.
  6365 | Sewer    | Entered a sewer
  6466 | Sewer    | Reached XP level 9. HP: 77/82 MP: 9/9
  6713 | Sewer    | Reached skill level 5 in Armour
  7277 | D:6      | Noticed Pikel
  7295 | D:6      | Killed Pikel
  7296 | D:6      | Reached skill level 8 in Axes
  7815 | D:6      | Noticed Menkaure
  7818 | D:6      | Killed Menkaure
  7987 | D:6      | Reached * piety under Hepliaklqana
  8556 | D:7      | Reached skill level 9 in Axes
  8556 | D:7      | Reached XP level 10. HP: 62/82 MP: 7/10
  9071 | D:7      | Found an opulent altar of Gozag.
  9329 | D:8      | Noticed a cyclops
  9330 | D:8      | Noticed a centaur warrior
  9649 | D:8      | Identified the ring of the Final Violins {rElec rPois AC+4
                  | Str+3 Int+3}
  9777 | D:8      | Reached skill level 10 in Axes
 10268 | D:8      | Found Fenazit's Antique Weapon Boutique.
 10606 | D:9      | Noticed a two-headed ogre
 10616 | D:9      | Killed a two-headed ogre
 10905 | D:9      | Found a staircase to the Lair.
 11696 | D:9      | Reached XP level 11. HP: 41/92 MP: 7/11
 11893 | D:9      | Reached ** piety under Hepliaklqana
 12835 | D:10     | Entered Level 10 of the Dungeon
 12855 | D:10     | Remembered your ancestor stephen hawking as a battlemage
 13004 | D:10     | Reached skill level 11 in Axes
 13181 | D:10     | Found a broken altar of Ashenzari.
 13256 | D:10     | Found a large runed translucent door.
 13257 | D:10     | Found a large runed translucent door.
 13258 | D:10     | Noticed Newt's ghost (journeyman DsGl)
 13652 | D:10     | Found an ancient bone altar of Kikubaaqudgha.
 14113 | D:11     | Reached *** piety under Hepliaklqana
 14444 | D:11     | Identified the +10 quarterstaff of Kismet {holy, rF+
                  | Stlth+}
 14540 | D:11     | Identified the +6 flail "Qeif" {drain, Dex+3}
 14816 | D:11     | Found a staircase to the Orcish Mines.
 14925 | D:12     | Noticed a cyclops
 14933 | D:12     | Killed a cyclops
 15256 | D:12     | Noticed a cyclops
 15261 | D:12     | Killed a cyclops
 15320 | D:12     | Noticed Nergalle
 15332 | D:12     | Killed Nergalle
 15378 | D:12     | Noticed Gastronok
 15389 | D:12     | Killed Gastronok
 15390 | D:12     | Reached skill level 12 in Axes
 15390 | D:12     | Reached XP level 12. HP: 51/102 MP: 9/12
 15762 | D:12     | Reached **** piety under Hepliaklqana
 15850 | D:12     | You fall into a shaft and drop 3 floors!
 15850 | D:15     | Entered Level 15 of the Dungeon
 15876 | D:14     | Noticed a centaur warrior
 15876 | D:14     | Noticed a tengu warrior
 15876 | D:14     | Noticed a centaur warrior
 15883 | D:14     | Killed a centaur warrior
 16734 | D:14     | Killed a centaur warrior
 17205 | D:12     | Noticed Lodul
 17218 | D:12     | Killed Lodul
 17219 | D:12     | Reached skill level 13 in Axes
 17612 | D:13     | Noticed Josephine
 17618 | D:13     | Killed Josephine
 17653 | D:13     | Noticed a catoblepas
 17659 | D:13     | Killed a catoblepas
 17669 | D:13     | Got the Almanac of Viridian Incandescence
 17834 | D:13     | Reached skill level 10 in Fighting
 17878 | D:13     | Noticed a tengu warrior
 17878 | D:13     | Noticed a tengu warrior
 17888 | D:13     | Killed a tengu warrior
 17894 | D:13     | Killed a tengu warrior
 18657 | D:14     | Noticed an ogre mage
 18657 | D:14     | Noticed a two-headed ogre
 18669 | D:14     | Killed an ogre mage
 18670 | D:14     | Gained mutation: You can use your snake-like lower body to
                  | constrict enemies. [Naga growth]
 18670 | D:14     | Reached XP level 13. HP: 94/110 MP: 10/13
 18974 | D:14     | Found a gate to the Vaults.
 19011 | D:14     | Reached skill level 14 in Axes
 19293 | D:14     | Noticed an ettin
 19295 | D:14     | an ettin changed into an alligator
 19296 | D:14     | an alligator changed into a fire dragon
 19296 | D:14     | Noticed a fire dragon (shapeshifter)
 19303 | D:14     | Killed a fire dragon
 19740 | D:14     | Reached skill level 10 in Shields
 20481 | D:15     | Reached ***** piety under Hepliaklqana
 20494 | D:15     | Reached skill level 15 in Axes
 21053 | D:15     | Reached XP level 14. HP: 115/121 MP: 12/14
 21972 | D:15     | Found a staircase to the Depths.
 21972 | D:15     | Noticed a frost giant
 22114 | D:15     | Killed from afar by a frost giant

Illustrated notes

Levels and vault maps discovered:
D:1:      psy_arrival_fountain, layout_basic
D:2:      layout_basic, hellmonk_ecumenical_altar_arch_garden, serial_shops,
          shop_statue, nicolae_lakefront_shop, shop, nicolae_shop_crystal, shop,
          uniq_natasha, uniq_sigmund, uniq_terence
D:3:      minmay_angry_zag, layout_loops_corners, old_standard_altar,
          nicolae_yredelemnul_corpse_copse, mainiacjoe_overflow_alcove_1,
          lightli_temple_of_fire, minmay_door_square
D:4:      layout_loops_corners, nicolae_sif_muna_condensation,
          mainiacjoe_overflow_small_starburst, serial_shops, shop
D:5:      layout_loops_corners, minmay_temple_entry_statues_pillars,
          lightli_ossuary_entry_decrepit_ruins
D:6:      layout_basic, cheibrodos_sewer_entry_sluice, uniq_menkaure, uniq_pikel
D:7:      layout_rooms, mainiacjoe_overflow_surrounded_room
D:8:      layout_basic, serial_shops, nicolae_shop_behind_doors,
          lightli_corner_chamber
D:9:      layout_big_octagon, kennysheep_dice
D:10:     layout_cave_pods, general_overflow_altar, ashenzari_altar_1,
          ebering_ghost_disaster_area
D:11:     layout_roguey, erik_orc_2
D:12:     layout_basic, uniq_nergalle, uniq_gastronok, uniq_lodul
D:13:     layout_basic, uniq_josephine
D:14:     layout_roguey, hangedman_vaults_entry_quadrant_bands, minivault_19
D:15:     grunt_enter_depths_snipers, layout_irregular_city, nrook_campfire
Temple:   dshaligram_water_room_temple

Skill      XL: |  1  2  3  4  5  6  7  8  9 10 11 12 13 |
---------------+----------------------------------------+-----
Shields        | 3 4 5 6 7 8 9 10 | 10.4
Axes           | 3 4 5 7 9 10 12 13 15 | 15.3
Armour         | 3 4 5 6 7 8 9 |  9.6
Fighting       | 4 5 6 8 9 10 11 | 11.4

Action                     |  1- 3 |  4- 6 |  7- 9 | 10-12 | 13-15 || total
---------------------------+-------+-------+-------+-------+-------++-------
  Melee: War axe           |    57 |   111 |   520 |   424 |   158 ||  1270
         Constrict         |       |       |       |       |    31 ||    31
 Invoke: Ancestor Life: Ba |       |       |       |     1 |       ||     1
         Recall Ancestor   |       |       |       |     1 |       ||     1
         Ancestor Identity |       |       |       |       |     1 ||     1
Ability: Spit Poison       |       |       |       |       |     1 ||     1
  Evoke: Wand              |       |       |     2 |    11 |    16 ||    29
         Phantom mirror    |       |       |       |       |     2 ||     2
    Use: Potion            |     2 |       |     3 |     6 |     5 ||    16
         Scroll            |       |     5 |     1 |    18 |     4 ||    28
   Stab: Distracted        |       |       |       |     3 |     2 ||     5
 Armour: Scale mail        |    25 |    85 |    78 |       |       ||   188
         Chain mail        |       |       |   104 |       |       ||   104
         Plate armour      |       |       |   114 |   327 |   137 ||   578
  Dodge: Dodged            |    31 |    53 |   123 |   116 |    29 ||   352
  Block: Buckler           |    17 |    36 |   105 |   117 |       ||   275
         Kite shield       |       |       |       |     9 |    75 ||    84

Table legend: (Time is in decaauts)
 A = Elapsed time spent in this place.
 B = Non-inter-level travel time spent in this place.
 C = Inter-level travel time spent in this place.
 D = Time resting spent in this place.
 E = Time spent auto-exploring this place.
 F = Levels seen in this place.
 G = Mean time per level.
                   A        B        C        D        E       F      G
               +--------+--------+--------+--------+--------+-----+--------+
         Total |  26624 |  25819 |    805 |   7239 |  15147 |  18 | 1479.1 |
       Dungeon |  24962 |  24168 |    794 |   7106 |  14157 |  15 | 1664.1 |
        Temple |    204 |    193 |     11 |      0 |    140 |   1 |  204.0 |
         Sewer |   1044 |   1044 |      0 |    133 |    642 |   1 | 1044.0 |
       Ossuary |    412 |    412 |      0 |      0 |    208 |   1 |  412.0 |
               +--------+--------+--------+--------+--------+-----+--------+

Top non-repeatable levels by time:
    D:14: 2619 daAuts
     D:9: 2439 daAuts
    D:15: 1991 daAuts
     D:4: 1977 daAuts
    D:12: 1977 daAuts
    D:13: 1755 daAuts
     D:6: 1672 daAuts
     D:8: 1607 daAuts
    D:10: 1431 daAuts
     D:3: 1428 daAuts
     D:1: 1391 daAuts
     D:5: 1336 daAuts
     D:2: 1318 daAuts
    D:11: 1210 daAuts
   Sewer: 1044 daAuts
